Map: Submarine LE

Players

HeroMarine - Winner!

  • Race: Terran Terran
  • League: Master
  • Spawn Location: 11:00

Denver

  • Race: Zerg Zerg
  • League: Master
  • Spawn Location: 5:00

Event: StayAtHomestory Cup #2

VOD

Have the link to the VOD?

Description

Time

  • Played on: June 12, 2020, 10:08 a.m.
  • Length: 9:20

All games in this series

Show
View Real Time Build Order
Export as new Build Order

HeroMarine Terran - Winner!

Build Orders: Reaper Expand, Hellion Banshee 

Get SALT Encoding   

  12  0:00  SCV  
  13  0:12  SCV  
  14  0:17  Supply Depot  
  14  0:24  SCV  
  15  0:38  SCV  
  15  0:39  Barracks  
  16  0:42  Refinery  
  16  0:50  SCV  
  17  1:02  SCV  
  18  1:15  SCV  
  19  1:26  Reaper  
  19  1:27  Orbital Command  
  20  1:39  Command Center  
  20  1:48  Supply Depot  
  20  1:52  SCV  
  21  1:58  Marine  
  22  2:04  SCV  
  22  2:08  Factory  
  23  2:16  SCV  
  23  2:17  Refinery  
  23  2:19  Barracks Reactor  
  24  2:28  SCV  
  25  2:40  SCV  
  26  2:53  SCV, Starport, Orbital Command  
  27  3:00  Hellion x2  
  27  3:05  SCV, Barracks Tech Lab  
  32  3:17  SCV  
  32  3:19  SCV  
  34  3:21  Hellion x2  
  34  3:24  Supply Depot  
  38  3:29  SCV  
  38  3:31  SCV  
  40  3:40  Viking, Barracks Tech Lab  
  42  3:41  SCV  
  42  3:43  SCV  
  42  3:48  Hellion x2  
  48  3:49  Supply Depot  
  48  3:53  SCV  
  49  3:56  SCV  
  49  4:02  Stimpack  
  50  4:05  SCV  
  50  4:08  SCV, Cloaking Field  
  52  4:10  Hellion, Banshee  
  52  4:12  Supply Depot  
  52  4:15  Hellion  
  59  4:20  SCV x2  
  61  4:24  Marine  
  62  4:34  Hellion  
  62  4:36  Supply Depot  
  62  4:37  Hellion  
  62  4:38  Supply Depot  
  66  4:40  SCV x2  
  66  4:41  Armory  
  68  4:53  SCV  
  68  4:54  SCV  
  68  4:57  Hellion, Banshee  
  68  4:58  Hellion  
  77  5:02  Supply Depot  
  77  5:15  Command Center  
  77  5:24  SCV x2  
  77  5:25  Barracks, Factory Reactor  
  77  5:27  Barracks, Marine  
  80  5:37  SCV x2, Engineering Bay x2  
  78  5:45  Marine  
  78  5:46  Combat Shield  
  78  5:49  SCV x2  
  74  5:54  Starport Reactor  
  68  6:01  SCV x2  
  68  6:02  Barracks  
  68  6:03  Barracks, Marine  
  71  6:05  Terran Infantry Weapons Level 1  
  71  6:08  Widow Mine  
  71  6:10  Widow Mine  
  66  6:19  Marine  
  66  6:20  Marine  
  66  6:22  Missile Turret  
  66  6:23  Missile Turret  
  66  6:25  Marine, Barracks Reactor, Refinery x2  
  60  6:27  Orbital Command  
  60  6:36  SCV x2, Widow Mine x2  
  60  6:37  Marine  
  60  6:38  Marine  
  60  6:39  Medivac  
  70  6:43  Marine  
  70  6:45  Medivac  
  73  6:48  SCV x2  
  75  6:55  Marine  
  75  6:56  Orbital Command  
  75  6:57  Marine, Barracks Reactor x2  
  75  6:59  Missile Turret  
  75  7:00  SCV x2, Marine  
  80  7:03  Marine x2  
  80  7:04  Widow Mine  
  80  7:05  Widow Mine  
  86  7:10  Missile Turret  
  86  7:11  Terran Infantry Armor Level 1  
  86  7:12  SCV  
  86  7:13  SCV, Marine  
  86  7:15  Marine  
  89  7:18  Marine  
  89  7:21  Marine x2  
  92  7:24  Missile Turret  
  92  7:25  SCV x3  
  97  7:30  Marine, Widow Mine x2  
  97  7:33  Marine  
  97  7:34  Medivac  
  97  7:35  Medivac  
  97  7:36  Marine  
  97  7:37  SCV x3  
  105  7:38  Marine  
  105  7:41  Marine  
  109  7:48  Marine x3, Factory, Supply Depot  
  109  7:50  Marine, Supply Depot  
  109  7:51  Marine  
  117  7:52  Marine  
  117  7:54  SCV, Refinery  
  117  7:55  SCV, Bunker  
  117  7:56  Supply Depot  
  117  8:01  SCV  
  117  8:05  Marine x2  
  111  8:06  Marine  
  111  8:10  Widow Mine x2, Medivac x2  
  111  8:12  Marine x2  
  123  8:13  Marine x2  
  123  8:16  Marine x2  
  127  8:23  Marine x3  
  121  8:30  Marine x2  
  121  8:31  Marine x2, Widow Mine  
  121  8:32  Widow Mine  
  121  8:34  Marine x2  
  117  8:40  Marine, Factory Tech Lab  
  117  8:41  Marine x2  
  111  8:47  Marine  
  111  8:48  Marine  
  107  8:49  Marine x2  
  107  8:53  Widow Mine x2  
  113  8:56  Marine x2  
  113  8:58  Marine  
  113  8:59  Marine  
  113  9:00  Marine  
Show
View Real Time Build Order
Export as new Build Order

Denver Zerg 

Build Orders: Hatch First, Muta Ling Bane 

Get SALT Encoding   

  12  0:00  Drone  
  13  0:13  Overlord  
  13  0:17  Drone  
  14  0:31  Drone x2  
  16  0:48  Hatchery  
  15  0:52  Drone  
  15  0:55  Drone  
  17  0:59  Drone  
  18  1:09  Extractor  
  17  1:14  Spawning Pool  
  17  1:16  Drone  
  17  1:20  Drone  
  18  1:29  Drone  
  19  1:39  Drone  
  20  1:49  Drone  
  21  2:01  Queen x2  
  21  2:02  Zergling x4  
  27  2:09  Metabolic Boost  
  27  2:10  Overlord  
  27  2:13  Drone  
  28  2:33  Drone x2  
  28  2:34  Drone x2  
  32  2:37  Queen  
  32  2:42  Overlord  
  34  2:48  Drone  
  35  2:54  Queen, Extractor  
  35  2:55  Overlord  
  37  3:02  Drone  
  37  3:04  Overlord  
  38  3:09  Drone  
  38  3:10  Drone  
  38  3:12  Overlord  
  40  3:16  Drone x2  
  40  3:19  Drone  
  43  3:22  Lair  
  43  3:26  Drone  
  44  3:27  Extractor  
  43  3:39  Hatchery  
  43  3:41  Drone  
  43  3:43  Drone  
  43  3:47  Overlord  
  44  3:51  Drone x3  
  44  3:55  Drone  
  48  4:01  Baneling Nest  
  47  4:03  Drone x2  
  47  4:06  Zergling x4  
  47  4:08  Zergling x2  
  52  4:11  Zergling x2  
  52  4:15  Zergling x4  
  55  4:19  Extractor x2  
  55  4:21  Drone x2  
  55  4:26  Overlord  
  55  4:31  Spire  
  54  4:32  Drone  
  54  4:37  Overlord  
  55  4:39  Drone x2  
  57  4:47  Drone x5  
  57  4:52  Queen  
  64  4:54  Drone  
  64  4:59  Drone x2  
  67  5:03  Zergling x4  
  69  5:08  Baneling x3  
  69  5:09  Overlord  
  69  5:13  Zergling x6  
  72  5:15  Baneling  
  72  5:16  Baneling x2  
  72  5:18  Spore Crawler  
  70  5:22  Drone  
  70  5:23  Spore Crawler  
  70  5:32  Overseer  
  70  5:34  Baneling x3  
  57  5:51  Mutalisk x5  
  57  5:53  Zergling x12  
  72  6:00  Zergling x2  
  72  6:01  Zergling x2  
  67  6:13  Mutalisk  
  67  6:14  Mutalisk  
  59  6:24  Queen, Drone x5  
  64  6:26  Queen  
  64  6:28  Queen  
  64  6:31  Drone  
  64  6:32  Drone  
  70  6:35  Drone  
  70  6:38  Centrifical Hooks  
  67  6:47  Drone x3  
  70  6:56  Mutalisk x2  
  70  6:59  Overlord  
  74  7:03  Overlord  
  74  7:06  Overlord  
  74  7:11  Overlord  
  74  7:18  Overlord  
  74  7:19  Zergling x4  
  76  7:23  Zergling x2  
  76  7:24  Mutalisk  
  79  7:30  Mutalisk  
  79  7:36  Zergling x14  
  88  7:38  Zergling x8  
  88  7:41  Baneling x6  
  92  7:45  Baneling  
  92  7:46  Baneling x3  
  92  7:47  Zergling x2  
  93  7:52  Baneling x2  
  93  7:54  Zergling x4  
  93  7:55  Zergling x2, Overseer x2  
  96  8:05  Zergling x6  
  95  8:10  Baneling x6  
  95  8:11  Zergling x10  
  90  8:27  Zergling x10  
  90  8:28  Zergling x6  
  90  8:32  Zergling x2  
  90  8:33  Zergling x2  
  81  8:40  Mutalisk  
  81  8:41  Mutalisk x2  
  77  8:43  Zergling x6  
  81  8:51  Zergling x2  
  81  8:52  Zergling x6  
  81  8:54  Baneling x6  
Tags
 
Add a new tag
Caveats
  • Supply blocks, unpowered buildings, or Contaminate may cause inaccurate times.
  • Supply counts are checked every 10 seconds.